 Dungeon Crawl Stone Soup version 0.18.1-5-g4a78601 (webtiles) character file.

33 LORDOFBUTT the Skirmisher (level 3, 39/43 HPs)
             Began as a Demonspawn Berserker on May 10, 2016.
             Was a Follower of Trog.
             Quit the game on level 2 of the Dungeon.
             The game lasted 00:00:33 (459 turns).

LORDOFBUTT the Skirmisher (Demonspawn Berserker)     Turns: 459, Time: 00:00:34

Health: 39/43      AC:  2    Str: 22    XL:     3   Next: 12%
Magic:  3/3        EV: 12    Int:  8    God:    Trog [*.....]
Gold:   67         SH:  0    Dex: 13    Spells: 0 memorised, 2 levels left

rFire  . . .     SeeInvis .       - Unarmed
rCold  . . .     Gourm    .     a - +0 animal skin
rNeg   . . .     Faith    .     (no shield)
rPois  .         Spirit   +     (no helmet)
rElec  .         Dismiss  .     (no cloak)
rCorr  .         Reflect  .     (no gloves)
SustAt .         Harm     .     (no boots)
MR     .....                    (no amulet)
Stlth  ..........               (no ring)
                                (no ring)

@: berserking, very quick, not resistant to hostile enchantments, extremely
unstealthy
A: powered by death 1, magic shield
a: Berserk, Burn Spellbooks, Renounce Religion


You were on level 2 of the Dungeon.
You worshipped Trog.
Trog was aware of your devotion.
You were not hungry.

You visited 1 branch of the dungeon, and saw 2 of its levels.

You collected 67 gold pieces.

Inventory:

Armour
 a - a +0 animal skin (worn)
Scrolls
 c - a scroll of fear {unknown}
 e - 2 scrolls of identify {unknown}
 g - a scroll of recharging {unknown}
 j - a scroll of teleportation {unknown}
 k - a scroll of enchant armour {unknown}
 l - 2 scrolls of magic mapping {unknown}
Potions
 d - a potion of flight {unknown}
 h - a potion of heal wounds {unknown}
 i - a potion of mutation {unknown}
Comestibles
 b - a bread ration
 f - a slice of pizza


   Skills:
 + Level 3.3 Fighting
 + Level 1.9 Armour
 + Level 2.1 Dodging
 + Level 3.3 Unarmed Combat


You had 2 spell levels left.
You didn't know any spells.

Dungeon Overview and Level Annotations

Branches:
Dungeon (2/15)

Altars:


Innate Abilities, Weirdness & Mutations

You regenerate a little health from kills.
When hurt, damage is shared between your health and your magic reserves.


Message History

You punch Terence!
Terence is severely wounded.
Terence barely misses you.
You hit Terence but do no damage.
Terence is severely wounded.
You punch Terence!
You kill Terence!
Trog accepts your kill.
Your Dodging skill increases to level 2!
You have reached level 3!
Your experience leads to an increase in your attributes!
Your base attributes are Str 17, Int 8, Dex 12.
Increase (S)trength, (I)ntelligence, or (D)exterity?
You feel agile.
Your demonic ancestry asserts itself...
You feel your magical essence form a protective shroud around your flesh.
Things that are here:
a mace; a runed scale mail; a curved brass wand Quiver which item? (- for none, * to show all) (? for menu, Esc to quit)
Okay, then.
Are you sure you want to abandon this character and quit the game? (Confirm with "yes".)

#. #..###......# #.
##...##.......
#.##....##........
#.#.##...#>#......
#...#.#......
###.#.#....#
##...##..#
#.#########......#
.....l.@....###....
#..########## .##
.. #


You could see a giant newt.

Vanquished Creatures
  Terence (D:2)
  A giant cockroach (D:2)
  A goblin (D:1)
  2 hobgoblins (D:1)
  A ball python (D:1)
  A bat (D:2)
  A giant newt (D:2)
  A rat (D:1)
9 creatures vanquished.

Notes
Turn   | Place    | Note
--------------------------------------------------------------
     0 | D:1      | LORDOFBUTT the Demonspawn Berserker began the quest for the Orb.
     0 | D:1      | Reached XP level 1. HP: 18/18 MP: 1/1
   446 | D:2      | Gained mutation: You regenerate a little health from kills. [demonic ancestry]
   446 | D:2      | Reached XP level 2. HP: 20/24 MP: 2/2
   449 | D:2      | Noticed Terence
   457 | D:2      | Killed Terence
   457 | D:2      | Gained mutation: When hurt, damage is shared between your health and your magic reserves. [demonic ancestry]
   457 | D:2      | Reached XP level 3. HP: 29/29 MP: 3/3
   459 | D:2      | Quit the game

Skill      XL: |  1  2 |
---------------+-------+-----
Unarmed Combat | 3 |  3.3
Dodging        | 2 |  2.1
Fighting       | |  3.3
Armour         | |  1.9

Action                   || total
-------------------------++-------
Melee: Unarmed           ||    40
Invok: Berserk           ||     1
 Stab: Sleeping          ||     1
Armor: Animal skin       ||     2
Dodge: Dodged            ||    22
